 Dungeon Crawl Stone Soup version 0.30.1-11-g7821555f0a (webtiles) character file.

Game seed: 10798764904664000678

41 buddhastalin the Poker (level 3, -1/28 HPs)
             Began as a Demonspawn Gladiator on Nov 11, 2023.
             Slain by Terence
             ... wielding a +0 flail of holy wrath
              (11 damage)
             ... on level 2 of the Dungeon.
             The game lasted 00:03:39 (1457 turns).

buddhastalin the Poker (Demonspawn Gladiator)       Turns: 1457, Time: 00:03:39

Health: -1/28      AC:  4    Str: 20    XL:     3   Next: 32%
Magic:  3/3        EV: 12    Int: 11    God:
Gold:   117        SH:  0    Dex: 14    Spells: 2/2 levels left

rFire   . . .        a - +0 trident
rCold   . . .        (no shield)
rNeg    . . .        b - +0 leather armour
rPois   .            c - +0 helmet
rElec   .            (no cloak)
rCorr   .            (no gloves)
SInv    .            (no boots)
Will    .....        (no amulet)
Stlth   +            i - +6 ring of strength
HPRegen 0.24/turn    (no ring)
MPRegen 0.08/turn

%: no passive effects
@: no status effects
A: demonic magic 1
a: no special abilities


You were on level 2 of the Dungeon.
You visited 1 branch of the dungeon, and saw 2 of its levels.

You collected 117 gold pieces.

Inventory:

Hand Weapons
 a - a +0 trident (weapon)
Missiles
 d - 3 throwing nets (quivered)
 e - a javelin
Armour
 b - a +0 leather armour (worn)
 c - a +0 helmet (worn)
Jewellery
 i - a +6 ring of strength (left hand)
Scrolls
 f - 3 scrolls of identify {unknown}
 g - a scroll of noise {unknown}
 h - a scroll of teleportation {unknown}
 j - a scroll of poison {unknown}
 k - a scroll of amnesia {unknown}
 n - a scroll of vulnerability {unknown}
 o - 2 scrolls of immolation {unknown}
 q - a scroll of blinking {unknown}
 s - 2 scrolls of silence {unknown}
Potions
 l - 2 potions of mutation {unknown}
 m - 2 potions of heal wounds {unknown}
 p - 2 potions of attraction {unknown}
 r - a potion of degeneration {unknown}
 t - 2 potions of curing {unknown}


   Skills:
 + Level 2.5 Fighting
 * Level 3.4 Polearms
 - Level 1.7 Throwing
 + Level 3.0 Dodging


You had 2 spell levels left.
You didn't know any spells.
Your spell library contained the following spells:

 Spells                   Type           Power      Damage    Failure   Level
 Call Canine Familiar     Summ           0%         N/A       77%         3
 Portal Projectile        Hex/Tloc       0%         N/A       77%         3
 Leda's Liquefaction      Hex/Erth       0%         N/A       99%         4


Dungeon Overview and Level Annotations

Branches:
Dungeon (2/15)

Altars:

Shops:
D:2 [:

Annotations:
D:2 Natasha, Terence


Innate Abilities, Weirdness & Mutations

Spells you cast may paralyse adjacent enemies.


Message History

The ball python constricts you.
You hit the ball python.
The ball python is moderately wounded.
The ball python bites you. The ball python constricts you.
The ball python barely misses you. The ball python constricts you.
You closely miss the ball python.
The ball python is moderately wounded.
The ball python barely misses you. The ball python constricts you.
You puncture the ball python!
You kill the ball python!
No target in view!
Found a stone staircase leading down.
You now have 117 gold pieces (gained 12).
You see here a jackal skeleton.
A quokka comes into view.
You reach to attack!
The helpless quokka fails to defend itself.
You hit the quokka.
You kill the quokka!
No target in view!
No target in view!
You see here a quokka corpse.
A goblin comes into view. It is wielding a +0 club.
The goblin shouts!
The goblin moves out of view.
You reach to attack!
You barely miss the goblin.
Terence shouts!
Terence says, "Don't bother to defend, it's useless."
You puncture the goblin!
You kill the goblin!
Things that are here:
a +0 club; a goblin corpse Natasha, Servant of Life and Death comes into view.
You barely miss Terence. Terence barely misses you.
You hit Terence but do no damage.
Terence hits you with a +0 flail of holy wrath.
You convulse.
Terence hits you with a +0 flail of holy wrath!
You convulse!
You die...

#. ### . #. #.. # .## #.##.##
#. ... ..#..# #.# #.# #.#.#.#.
. #.#.##.#.##.#.# #
#.#......##.#.# ###
.####.####.####.#....... ..#
.....h@@)..####†#.#..###
#.###.....##.####......#......#
#.....@!. .. ####.########.##.#
###.# ..# #.......# #.##.#
....# .. #.#.....# #..... #.###
# #∩#.....# ###... #.######
#.#.#...# #... .......# #
#>#.....# #... #.#.##.# ...
#.#.....#######...


You could see Terence and Natasha.

Vanquished Creatures
  7 ball pythons
  4 bats (D:1)
  3 endoplasms
  2 giant cockroaches
  4 goblins
  3 hobgoblins (D:1)
  2 jackals (D:2)
  2 quokkas
  2 kobolds (D:2)
  6 rats
35 creatures vanquished.

Notes
Turn   | Place    | Note
-------+----------+-------------------------------------------
     0 | D:1      | buddhastalin the Demonspawn Gladiator began the quest for
                  | the Orb.
     0 | D:1      | Reached XP level 1. HP: 16/16 MP: 1/1
   204 | D:1      | Gained mutation: Spells you cast may paralyse adjacent
                  | enemies. [demonic ancestry]
   204 | D:1      | Reached XP level 2. HP: 22/22 MP: 2/2
   990 | D:2      | Noticed Terence
  1041 | D:2      | Found Acsiopt's Book Boutique.
  1055 | D:2      | Found Ustroanwi's Antique Armour Shop.
  1085 | D:2      | Reached XP level 3. HP: 27/28 MP: 3/3
  1455 | D:2      | Noticed Natasha
  1457 | D:2      | Slain by Terence

Illustrated notes

Levels and vault maps discovered:
D:1:      roderic_octagonal_star, layout_basic, serial_bayou_lagoon_a
D:2:      layout_loops_cross, serial_shops, shop, shop, shop,
          nicolae_shop_peninsula, uniq_terence, uniq_natasha

Skill      XL: |  1  2 |
---------------+-------+-----
Polearms       | 3 |  3.4
Dodging        | 3 |  3.0
Fighting       | |  2.5
Throwing       | |  1.7

Action                     || total
---------------------------++-------
  Melee: Trident           ||   105
         Punch             ||     3
   Stab: Sleeping          ||     1
 Armour: Leather armour    ||    22
  Dodge: Dodged            ||    48
